 Dungeon Crawl Stone Soup version 0.29-a0-371-g91724d5b39 (webtiles) character file.

Game seed: 6691240809266064887

4635 Hubjo the Thaumaturge (level 10, -1/60 HPs)
             Began as a Deep Elf Fire Elementalist on May 2, 2022.
             Was a Believer of Ashenzari.
             Shot with an arrow by a centaur (12 damage)
             ... on level 9 of the Dungeon.
             The game lasted 00:20:07 (12026 turns).

Hubjo the Thaumaturge (Deep Elf Fire Elementalist) Turns: 12026, Time: 00:20:07

Health: -1/60      AC:  2    Str:  3    XL:     10   Next: 20%
Magic:  25/25      EV: 17    Int: 26    God:    Ashenzari [**....]
Gold:   437        SH:  0    Dex: 17    Spells: 23/28 levels left

rFire   + . .      SeeInvis +   u - +7 dagger "Eternal Heresy" {protect, rCorr Int+3 SInv, Melee, Alch} (curse)
rCold   . . .      Faith    .   (no shield)
rNeg    . . .      Spirit   .   a - +0 robe
rPois   .          Reflect  .   (no helmet)
rElec   .          Harm     .   n - scarf "Shattered Together" {shadows, Comp, Elem} (curse)
rCorr   +          Rampage  .   (no gloves)
Will    +....                   (no boots)
Stlth   ++++......              (no amulet)
HPRegen 0.20/turn               t - ring of the Unyielding Gaze {EV+4, Bglg, Fort} (curse)
MPRegen 0.19/turn               (no ring)

@: no status effects
A: fire resistance 1, weak 1
a: Renounce Religion, Curse Item, Shatter the Chains


You were on level 9 of the Dungeon.
You worshipped Ashenzari.
Ashenzari was pleased with you.
You visited 1 branch of the dungeon, and saw 9 of its levels.

You collected 437 gold pieces.

Inventory:

Hand Weapons
 s - a +1 vorpal spear
 u - the cursed +7 dagger "Eternal Heresy" (weapon) {protect, rCorr Int+3 SInv, Melee, Alch}
   (You found it on level 5 of the Dungeon)

   It grants its wielder temporary protection when it strikes (+7 to AC).
   Int:       It affects your intelligence (+3).
   SInv:      It lets you see invisible.
   rCorr:     It protects you from acid and corrosion.
   It has a curse which improves the following skills: Melee Combat: Short
   Blades, Long Blades, Axes, Maces & Flails, Polearms, Staves and Unarmed
   Combat.
   Alchemy:   Poison Magic and Transmutations.
 w - the +8 long sword of Imbalance {vorpal, rPois Dex+2}
   (You found it on level 6 of the Dungeon)

   It inflicts extra damage upon your enemies.
   Dex:       It affects your dexterity (+2).
   rPois:     It protects you from poison.
 A - a +2 vampiric short sword
Armour
 a - a +0 robe (worn)
 n - the cursed scarf "Shattered Together" (worn) {shadows, Comp, Elem}
   (You found it on level 3 of the Dungeon)

   It has a curse which improves the following skills: Companions: Summonings
   and Necromancy.
   Elements:  Fire Magic, Ice Magic, Air Magic and Earth Magic.
 z - a scarf of resistance
Jewellery
 t - the cursed ring of the Unyielding Gaze (left hand) {EV+4, Bglg, Fort}
   (You found it on level 5 of the Dungeon)

   [ring of evasion]

   EV:        It affects your evasion (+4).
   It has a curse which improves the following skills: Beguiling: Conjurations,
   Hexes and Translocations.
   Fortitude: Armour and Shields.
Scrolls
 f - 2 scrolls of vulnerability
 i - a scroll of enchant weapon
 k - 5 scrolls of immolation
 l - a scroll of noise
 m - 3 scrolls of torment
 q - a scroll of amnesia
 r - 3 scrolls of identify
 x - a scroll of enchant armour
 y - a scroll of fog
Potions
 b - 3 potions of magic
 c - 2 potions of attraction
 d - 4 potions of flight
 e - a potion of berserk rage
 g - 3 potions of curing
 h - 3 potions of cancellation
 o - 2 potions of brilliance
 v - a potion of might


   Skills:
 + Level 5.9 Fighting
 - Level 2.4 Dodging
 + Level 9.4 Stealth
 + Level 9.6 Spellcasting
 - Level 1.1(1.9) Conjurations
 + Level 4.4(5.6) Transmutations
 - Level 9.0(10.2) Fire Magic


You had 23 spell levels left.
You knew the following spells:

 Your Spells              Type           Power      Damage    Failure   Level
a - Foxfire               Conj/Fire      100%       2x1d9     1%          1
b - Flame Wave            Conj/Fire      44%        2d10      4%          4

Your spell library contained the following spells:

 Spells                   Type           Power      Damage    Failure   Level
 Sting                    Tmut/Pois      100%       1d8       1%          1
 Scorch                   Fire           100%       2d10      1%          2
 Conjure Flame            Conj/Fire      44%        6-21      1%          3
 Inner Flame              Hex/Fire       39%        N/A       1%          3
 Magic Dart               Conj           88%        1d7       2%          1
 Blink                    Tloc           26%        N/A       7%          2
 Call Imp                 Summ           13%        N/A       7%          2
 Poisonous Vapours        Pois/Air       26%        N/A       7%          2
 Sublimation of Blood     Necr           13%        N/A       7%          2
 Mephitic Cloud           Conj/Pois/Air  16%        N/A       11%         3
 Gell's Gravitas          Tloc           13%        N/A       14%         3
 Lesser Beckoning         Tloc           13%        N/A       14%         3
 Teleport Other           Tloc           13%        N/A       14%         3
 Petrify                  Tmut/Erth      27%        N/A       14%         4
 Irradiate                Conj/Tmut      16%        3d18      28%         5
 Alistair's Intoxication  Tmut/Pois      18%        N/A       38%         5
 Animate Dead             Necr           6%         N/A       41%         4
 Olgreb's Toxic Radiance  Pois           13%        N/A       41%         4
 Borgnjor's Vile Clutch   Necr/Erth      6%         N/A       77%         5
 Manifold Assault         Tloc           13%        N/A       77%         5
 Eringya's Noxious Bog    Tmut/Pois      13%        N/A       92%         6
 Death Channel            Necr           6%         N/A       100%        6


Dungeon Overview and Level Annotations

Branches:
Dungeon (9/15)             Temple (0/1) D:6
   Lair: D:8-11         Orc: D:9-12

Altars:
Ashenzari
Dithmenos
Elyvilon
Fedhas
Makhleb
Nemelex Xobeh
Qazlal
Trog
Wu Jian
Xom
Yredelemnul
Zin
The Shining One

Shops:
D:7 ?

Annotations:
D:3 3 runed translucent doors, YayAnonymity's ghost, amateur MiFi; hgbash's ghost, amateur DjIE
D:9 exclusion: obsidian statue


Innate Abilities, Weirdness & Mutations

Your flesh is heat resistant. (rF+)
You are weak. (Str -2)


Message History

The wyvern closely misses you.
You hit the wyvern.
You kill the wyvern!
Key pressed, stopping explore.
HP restored.
You now have 437 gold pieces (gained 15).
Found a +0 dagger.
There is a stone staircase leading down here.
You see here a +0 dagger.
d - 4 potions of flight (gained 1)
Found a +0 flail and a box of beasts.
Found 23 stones and a +0 short sword.
You see here 23 stones.
You see here a +0 short sword.
You see here a +0 short sword.
You see here 23 stones.
You see here a +0 flail.
A centaur comes into view.
Found a +2 pair of gloves.
The centaur shouts!
You hear an angry buzzing noise. x3
The centaur wields a +0 shortbow.
The centaur shoots an arrow.
The arrow hits you!
The centaur shoots an arrow.
The arrow hits you.
The centaur shoots an arrow.
The arrow hits you!
You hear an angry buzzing noise. x2
You see here a scroll of enchant weapon.
i - a scroll of enchant weapon You hear an angry buzzing noise. x6
The centaur shoots an arrow.
The arrow hits you!
The centaur shoots an arrow.
The arrow hits you!
* * * LOW HITPOINT WARNING * * *
The centaur shoots an arrow.
The arrow completely misses you.
You hear an angry buzzing noise.
The centaur shoots an arrow.
The arrow hits you!
* * * LOW HITPOINT WARNING * * *
The centaur shoots an arrow.
The arrow hits you!
* * * LOW HITPOINT WARNING * * *
You see here a +0 flail.
You feel better.
The centaur shoots an arrow.
The arrow hits you!
You die...

* * * ############
#..(..)....# #.########.#
# #.# #.####
###########.########.# ..
#..c...)@.......}....#..#
#.#########.##########..#
* * #.# #.# ,.......# , ,
#.# #.# ** #.##..# , #.#
###.#######.....# *
#.#######...............#
,c.........#.#...........#
,, .......................
* ########.##.#........†#


You could see a centaur.

Vanquished Creatures
  A two-headed ogre (D:7)
  A gargoyle (D:9)
  2 wyverns (D:9)
  A steam dragon (D:5)
  2 water moccasins (D:8)
  3 black bears
  3 orc warriors
  3 ice beasts
  3 centaurs
  A phantom (D:3)
  4 kobold brigands
  3 bullfrogs
  A scorpion (D:5)
  2 necrophages
  8 wights
  7 killer bees (D:7)
  2 howler monkeys (D:8)
  2 hounds
  4 orc priests
  A jelly (D:7)
  2 iguanas (D:7)
  Jessica (D:2)
  3 orc wizards
  3 gnolls (D:5)
  6 adders
  A shadow imp (D:7)
  A white imp (D:8)
  2 dart slugs
  18 orcs
  8 ball pythons
  5 bats
  5 endoplasms
  2 giant cockroaches (D:3)
  9 goblins
  4 hobgoblins
  3 jackals (D:1)
  A quokka (D:2)
  2 frilled lizards
  22 kobolds
  5 rats
157 creatures vanquished.

Vanquished Creatures (collateral kills)
  19 foxfires (D:7)
19 creatures vanquished.

Vanquished Creatures (others)
  902 foxfires
  A plant (D:1)
903 creatures vanquished.

Grand Total: 1079 creatures vanquished

Notes
Turn   | Place    | Note
-------+----------+-------------------------------------------
     0 | D:1      | Hubjo the Deep Elf Fire Elementalist began the quest for
                  | the Orb.
     0 | D:1      | Reached XP level 1. HP: 10/10 MP: 6/6
   160 | D:1      | Reached XP level 2. HP: 11/16 MP: 0/8
   644 | D:1      | Found a faded altar of an unknown god.
   715 | D:1      | Reached skill level 1 in Fighting
  1093 | D:1      | Prayed at the altar of an unknown god.
  1093 | D:1      | Became a worshipper of Ashenzari the Shackled
  1131 | D:2      | Reached XP level 3. HP: 20/20 MP: 6/10
  1486 | D:2      | Noticed Jessica
  1498 | D:2      | Killed Jessica
  1666 | D:2      | Reached XP level 4. HP: 26/26 MP: 6/11
  2658 | D:3      | Noticed a phantom
  2672 | D:3      | Killed a phantom
  2673 | D:3      | Reached XP level 5. HP: 22/30 MP: 1/13
  3558 | D:3      | Reached * piety under Ashenzari
  3638 | D:3      | Found a runed translucent gate.
  3638 | D:3      | Found a runed translucent gate.
  3639 | D:3      | Found a runed translucent gate.
  3643 | D:3      | Noticed hgbash's ghost (amateur DjIE)
  3643 | D:3      | Noticed YayAnonymity's ghost (amateur MiFi)
  4145 | D:4      | Found a shadowy altar of Dithmenos.
  4149 | D:4      | Found a burning altar of Makhleb.
  4267 | D:4      | Noticed a black bear
  4273 | D:4      | Killed a black bear
  4274 | D:4      | Reached skill level 5 in Fire Magic
  4274 | D:4      | Reached XP level 6. HP: 36/36 MP: 7/15
  4279 | D:4      | Learned a level 4 spell: Flame Wave
  4326 | D:4      | Found a bloodstained altar of Trog.
  4341 | D:4      | Reached skill level 5 in Spellcasting
  4691 | D:5      | Entered Level 5 of the Dungeon
  4720 | D:5      | Noticed a steam dragon
  4726 | D:5      | Killed a steam dragon
  4727 | D:5      | Reached skill level 5 in Stealth
  4727 | D:5      | Reached XP level 7. HP: 30/41 MP: 2/17
  5065 | D:5      | Identified the +7 dagger "Jijaor" {protect, rCorr Int+3
                  | SInv}
  5567 | D:5      | Found a shimmering altar of Xom.
  6028 | D:6      | Reached XP level 8. HP: 46/46 MP: 13/19
  6064 | D:6      | Found a staircase to the Ecumenical Temple.
  6098 | D:6      | Identified the +8 long sword of Imbalance {vorpal, rPois
                  | Dex+2}
  6205 | D:6      | Found a glowing golden altar of the Shining One.
  6205 | D:6      | Found a sparkling altar of Nemelex Xobeh.
  6212 | D:6      | Found a blossoming altar of Fedhas.
  6213 | D:6      | Found a basalt altar of Yredelemnul.
  6213 | D:6      | Found a stormy altar of Qazlal.
  6214 | D:6      | Found a glowing silver altar of Zin.
  6217 | D:6      | Found a broken altar of Ashenzari.
  6479 | D:6      | Reached ** piety under Ashenzari
  6607 | D:6      | Found an ornate altar of the Wu Jian Council.
  6764 | D:6      | Gained mutation: You are partially covered in iridescent
                  | scales. (AC +2) [potion of mutation]
  6764 | D:6      | Gained mutation: You are mostly covered in iridescent
                  | scales. (AC +4) [potion of mutation]
  6764 | D:6      | Gained mutation: Potions are less effective at restoring
                  | your health. [potion of mutation]
  6830 | D:7      | Found Vieqecw's Magic Scroll Emporium.
  7661 | D:7      | Noticed a two-headed ogre
  7671 | D:7      | Killed a two-headed ogre
  7672 | D:7      | Reached XP level 9. HP: 46/52 MP: 12/22
  7965 | D:7      | Reached skill level 1 in Transmutations
  8265 | D:7      | Reached skill level 5 in Fighting
  8794 | D:8      | Found a white marble altar of Elyvilon.
  9827 | D:8      | Lost mutation: You are mostly covered in iridescent scales.
                  | (AC +4) [potion of mutation]
  9827 | D:8      | Lost mutation: Potions are less effective at restoring your
                  | health. [potion of mutation]
  9827 | D:8      | Lost mutation: You are partially covered in iridescent
                  | scales. (AC +2) [potion of mutation]
  9827 | D:8      | Gained mutation: You are weak. (Str -2) [potion of
                  | mutation]
  9827 | D:8      | Gained mutation: Your flesh is heat resistant. (rF+)
                  | [potion of mutation]
 10246 | D:8      | Reached XP level 10. HP: 60/60 MP: 20/25
 10783 | D:9      | Noticed an obsidian statue
 10827 | D:9      | Noticed a gargoyle
 11277 | D:9      | Killed a gargoyle
 12024 | D:9      | HP: 2/60 [centaur/arrow (8)]
 12026 | D:9      | Shot with an arrow by a centaur

Illustrated notes

Levels and vault maps discovered:
D:1:      saegor_arrival_simple_d, layout_basic,
          dreamdust_ecumenical_altar_hidden_monk_grotto
D:2:      layout_loops_ring, minmay_tripent, uniq_jessica
D:3:      layout_loops_ring, gammafunk_ghost_cemetery
D:4:      layout_rooms, grunt_dithmenos_smoke_and_mirrors,
          overflow_temple_1_default, trog_ov_bears_minmay
D:5:      layout_basic, mainiacjoe_overflow_concentric_impassable
D:6:      layout_loops_cross, lemuel_tele_altar, minitemple,
          minmay_temple_entry_water_ring, minivault_19
D:7:      layout_cave_pools, serial_park, serial_park_gazebo
          [serial_park_minivault_5x5_2], serial_park_avenue1,
          serial_park_square1 [serial_park_minivault_5x5_7], serial_park_square1
          [serial_park_minivault_5x5_3], serial_shops, nicolae_lakefront_shop,
          grunt_ministairs_10
D:8:      layout_basic, mainiacjoe_overflow_surrounded_room
D:9:      minmay_statue_hallways, layout_basic, david_orc_1_choice

Skill      XL: |  1  2  3  4  5  6  7  8  9 10 |
---------------+-------------------------------+-----
Fighting       | 1 2 3 4 5 |  5.9
Stealth        | 3 4 5 7 9 |  9.4
Spellcasting   | 4 5 6 7 9 |  9.6
Fire Magic     | 4 5 6 9 |  9.0
Transmutations | 3 4 |  4.4
Dodging        | |  2.4
Conjurations   | |  1.1

Action                   |  1- 3 |  4- 6 |  7- 9 | 10-12 || total
-------------------------+-------+-------+-------+-------++-------
Melee: Rapier            |    13 |    10 |       |       ||    23
       Dagger            |       |       |    79 |    53 ||   132
       Punch             |       |       |     1 |       ||     1
 Cast: Foxfire           |    74 |   147 |   289 |    40 ||   550
       Flame Wave        |       |       |     1 |     1 ||     2
Invok: Curse Item        |     1 |     1 |     2 |       ||     4
       Shatter the Chain |       |       |     1 |       ||     1
  Use: Potion            |     1 |     1 |     2 |     4 ||     8
       Scroll            |       |     3 |     2 |     2 ||     7
 Stab: Sleeping          |     2 |     1 |     1 |       ||     4
Armor: Robe              |       |     3 |    20 |     5 ||    28
Dodge: Dodged            |     8 |    17 |    95 |    54 ||   174

Table legend: (Time is in decaauts)
 A = Elapsed time spent in this place.
 B = Non-inter-level travel time spent in this place.
 C = Inter-level travel time spent in this place.
 D = Time resting spent in this place.
 E = Time spent auto-exploring this place.
 F = Levels seen in this place.
 G = Mean time per level.
                   A        B        C        D        E       F      G
               +--------+--------+--------+--------+--------+-----+--------+
         Total |  12031 |  11552 |    479 |   1026 |   9082 |   9 | 1336.8 |
       Dungeon |  12031 |  11552 |    479 |   1026 |   9082 |   9 | 1336.8 |
               +--------+--------+--------+--------+--------+-----+--------+

Top non-repeatable levels by time:
     D:8: 2490 daAuts
     D:7: 1790 daAuts
     D:3: 1633 daAuts
     D:5: 1281 daAuts
     D:2: 1214 daAuts
     D:1: 1118 daAuts
     D:9: 978 daAuts
     D:6: 794 daAuts
     D:4: 728 daAuts
